Map: Eternal Empire LE

Players

Dashedhopes - Winner!

  • Race: Protoss Protoss
  • League: Master
  • Spawn Location: 1:00

Thaniri

  • Race: Terran Terran
  • League: Master
  • Spawn Location: 7:00

VOD

Have the link to the VOD?

Description

Time

  • Played on: Sept. 26, 2020, 3:17 p.m.
  • Length: 27:22
Show
View Real Time Build Order
Export as new Build Order

Dashedhopes Protoss - Winner!

Build Orders: 1 Gate Expand, Oracle Opening 

Get SALT Encoding   

  12  0:01  Probe  
  13  0:13  Probe  
  14  0:17  Pylon  
  14  0:25  Probe  
  15  0:37  Probe (Chrono Boost)  
  15  0:38  Gateway  
  16  0:47  Probe (Chrono Boost), Assimilator  
  17  0:52  Probe (Chrono Boost)  
  19  1:04  Probe (Chrono Boost)  
  19  1:14  Probe (Chrono Boost)  
  20  1:23  Nexus  
  20  1:33  Cybernetics Core  
  20  1:36  Probe  
  21  1:47  Assimilator  
  21  1:49  Probe  
  22  1:55  Pylon  
  22  2:05  Probe  
  23  2:11  Stalker (Chrono Boost)  
  23  2:12  Warp Gate  
  25  2:17  Probe  
  26  2:29  Probe  
  26  2:50  Probe (Chrono Boost)  
  26  2:53  Stargate  
  27  2:59  Probe (Chrono Boost)  
  27  3:01  Probe (Chrono Boost)  
  27  3:02  Gateway  
  27  3:03  Gateway  
  29  3:07  Probe x2 (Chrono Boost)  
  30  3:17  Probe (Chrono Boost)  
  32  3:21  Probe (Chrono Boost)  
  32  3:23  Probe (Chrono Boost)  
  33  3:28  Probe, Gateway  
  33  3:33  Probe  
  35  3:35  Oracle (Chrono Boost)  
  38  3:42  Probe  
  38  3:47  Probe  
  38  3:48  Pylon  
  40  3:54  Probe, Pylon  
  41  3:59  Probe  
  41  4:02  Stalker  
  44  4:05  Oracle (Chrono Boost), Stalker  
  49  4:14  Probe x2  
  51  4:25  Nexus  
  51  4:27  Pylon  
  51  4:35  Probe x2  
  53  4:39  Twilight Council  
  53  4:42  Assimilator  
  53  4:49  Probe  
  53  4:50  Probe  
  53  4:52  Pylon  
  55  4:58  Oracle (Chrono Boost)  
  58  5:01  Probe  
  58  5:05  Probe  
  60  5:11  Gateway  
  60  5:12  Gateway  
  60  5:13  Gateway  
  60  5:14  Probe  
  61  5:17  Probe  
  61  5:20  Blink (Chrono Boost)  
  62  5:26  Probe  
  63  5:29  Probe  
  63  5:33  Gateway  
  64  5:35  Sentry  
  64  5:36  Gateway  
  64  5:37  Probe  
  64  5:38  Probe  
  68  5:51  Stalker x3  
  68  5:53  Probe x3  
  77  5:58  Pylon, Forge  
  77  6:01  Stalker  
  79  6:08  Stalker  
  79  6:11  Probe x2  
  83  6:12  Probe  
  83  6:14  Pylon  
  84  6:26  Probe  
  84  6:27  Probe x2  
  84  6:29  Protoss Ground Armor Level 1 (Chrono Boost)  
  87  6:37  Zealot x4  
  87  6:39  Probe x2, Stalker, Zealot x3  
  105  6:53  Charge (Chrono Boost)  
  105  6:59  Stalker x2  
  109  7:02  Pylon  
  109  7:04  Pylon x2  
  109  7:06  Pylon x2  
  109  7:21  Stalker x3  
  109  7:22  Stalker, Zealot x4  
  123  7:23  Zealot  
  119  7:45  Stalker x2  
  119  7:46  Stalker x2, Zealot x3  
  119  7:47  Zealot x2  
  125  8:15  Zealot x5  
  125  8:16  Zealot x4  
  143  8:21  Templar Archives  
  143  8:22  Assimilator  
  143  8:23  Probe x3, Gateway, Assimilator, Protoss Ground Armor Level 2 (Chrono Boost)  
  143  8:26  Assimilator, Gateway  
  146  8:28  Pylon, Photon Cannon  
  142  8:42  Probe x2  
  144  8:51  Probe  
  145  8:57  Probe x2  
  145  8:59  Nexus  
  145  9:01  Pylon  
  146  9:03  Probe  
  146  9:09  Probe  
  149  9:10  Probe  
  149  9:13  Stalker  
  149  9:14  Stalker x5  
  154  9:17  Stalker  
  153  9:29  Stalker x2  
  141  9:42  Psionic Storm  
  135  9:54  Probe x3  
  138  10:06  Probe, Nexus  
  139  10:07  Stalker  
  140  10:15  High Templar x4  
  140  10:16  Zealot  
  140  10:20  Pylon  
  150  10:30  Zealot x3  
  156  10:36  Oracle (Chrono Boost)  
  159  10:44  Robotics Facility  
  159  10:49  Protoss Ground Armor Level 3 (Chrono Boost)  
  159  11:09  Photon Cannon  
  159  11:11  Zealot x3  
  163  11:14  Pylon  
  163  11:16  Pylon  
  163  11:17  Probe (Chrono Boost)  
  163  11:18  Probe x2 (Chrono Boost)  
  169  11:29  Probe x2 (Chrono Boost), Assimilator, High Templar x2  
  169  11:30  Probe (Chrono Boost)  
  169  11:31  Probe (Chrono Boost)  
  169  11:32  Observer  
  177  11:33  Assimilator  
  177  11:37  Probe x3  
  177  11:38  Probe, Pylon  
  181  11:43  High Templar x4  
  187  12:03  Zealot x5  
  197  12:19  Dark Shrine, Robotics Facility  
  197  12:21  Robotics Bay  
  197  12:24  High Templar  
  197  12:25  High Templar  
  194  12:53  Zealot x3  
  196  13:19  Extended Thermal Lance  
  186  13:23  Colossus (Chrono Boost)  
  186  13:24  Colossus (Chrono Boost)  
  188  13:35  Dark Templar x3  
  178  14:04  Zealot x3  
  178  14:10  Zealot x2  
  178  14:13  Stalker x3  
  178  14:14  Zealot x2  
  149  14:31  Colossus x2 (Chrono Boost)  
  120  14:50  Archon x2  
  120  14:52  Zealot x2  
  104  14:53  Zealot x5  
  104  14:54  Zealot x2  
  112  15:05  Gateway x2  
  112  15:07  Gateway  
  108  15:08  Gateway x2  
  108  15:10  Gateway, Observer  
  108  15:11  Stalker x2  
  110  15:14  High Templar x3  
  110  15:18  Stalker  
  110  15:19  Stalker x5  
  118  15:44  Archon  
  118  15:45  High Templar x4  
  118  15:46  Dark Templar x4  
  118  15:47  Stalker x3, Colossus x2 (Chrono Boost)  
  138  15:56  Archon x2  
  141  16:08  Probe  
  138  16:13  Zealot x3  
  138  16:14  Stalker x4, Zealot x2  
  138  16:18  Zealot  
  158  16:19  Nexus  
  158  16:21  Pylon  
  158  16:24  Zealot, Dark Templar x4  
  166  16:26  Shadow Stride (Chrono Boost)  
  166  16:40  Sentry, Dark Templar  
  166  16:46  Forge  
  170  16:48  Dark Templar x2  
  170  16:49  Dark Templar x2  
  178  16:56  Stalker x3  
  154  17:30  High Templar x3  
  154  17:31  Stalker, Zealot, High Templar  
  154  17:32  Zealot x6  
  154  17:33  Zealot x5  
  166  17:55  Zealot x2  
  166  17:56  Zealot x6  
  166  17:57  Zealot x4  
  176  18:01  Archon  
  154  18:11  Zealot x3, Dark Templar x2  
  150  18:19  Colossus (Chrono Boost)  
  118  18:20  Colossus (Chrono Boost)  
  118  18:21  Zealot x4  
  118  18:22  Zealot x3  
  118  18:47  Protoss Ground Weapons Level 1 (Chrono Boost)  
  118  18:58  Unknown  
  118  19:03  Colossus (Chrono Boost)  
  118  19:07  High Templar  
  118  19:08  Zealot, High Templar x2  
  118  19:09  Zealot x8  
  152  19:14  Observer (Chrono Boost)  
  141  19:19  Oracle  
  141  19:22  Pylon  
  144  19:27  Observer (Chrono Boost), Dark Templar x3  
  144  19:30  Zealot x2  
  144  19:31  Zealot x2  
  153  19:41  Photon Cannon  
  153  19:42  Photon Cannon  
  151  19:48  Dark Templar x2  
  155  20:02  Stalker x4  
  163  20:10  Stalker x2  
  165  20:42  Nexus  
  165  20:45  Pylon  
  139  21:14  High Templar x4  
  139  21:18  Stalker x6  
  151  21:19  Zealot x5  
  151  21:20  Zealot  
  169  21:29  Photon Cannon  
  167  21:42  Photon Cannon  
  167  21:43  Photon Cannon  
  159  21:50  Protoss Ground Weapons Level 2 (Chrono Boost)  
  157  21:59  High Templar x2  
  157  22:00  High Templar  
  161  22:09  Colossus (Chrono Boost)  
  167  22:27  Colossus (Chrono Boost)  
  159  22:46  Dark Templar x3  
  159  22:47  Zealot x3, Dark Templar  
  159  22:48  Zealot x3  
  179  22:54  Zealot x2  
  179  22:57  Gravitic Boosters (Chrono Boost)  
  178  23:07  Photon Cannon  
  178  23:08  Probe, Shield Battery  
  178  23:09  Probe x2  
  181  23:15  Assimilator  
  181  23:16  Assimilator  
  154  23:35  Probe x5  
  154  23:39  Pylon  
  159  23:42  Dark Templar x2  
  118  24:03  Probe x2  
  118  24:08  Protoss Ground Weapons Level 3 (Chrono Boost)  
  106  24:15  Colossus x2 (Chrono Boost)  
  104  24:28  Observer  
  104  24:29  Zealot  
  104  24:30  Sentry, Zealot x2  
  96  24:46  Dark Templar x2  
  96  24:47  Dark Templar x2  
  96  24:52  Photon Cannon  
  104  24:53  Probe  
  104  24:54  Probe  
  106  25:02  Stalker  
  106  25:03  Stalker  
  110  25:08  Stalker  
  110  25:10  Zealot  
  114  25:17  Observer  
  114  25:21  Colossus  
  114  25:22  Observer  
  114  25:24  Dark Templar  
  120  25:30  Dark Templar  
  122  25:36  Observer  
  122  25:40  Zealot x4  
  128  26:01  Zealot x2  
  132  26:08  Dark Templar x3  
  132  26:09  Dark Templar  
  138  26:21  Nexus  
  137  26:27  Pylon  
  137  26:33  Zealot x3  
  137  26:34  Zealot x2  
  147  26:45  Stalker x4  
  105  27:12  Zealot x5  
  105  27:13  Zealot x3  
  105  27:18  Zealot  
Show
View Real Time Build Order
Export as new Build Order

Thaniri Terran 

Build Orders: Reaper Expand 

Get SALT Encoding   

  12  0:00  SCV  
  13  0:12  SCV  
  14  0:17  Supply Depot  
  14  0:24  SCV  
  15  0:39  SCV  
  15  0:40  Barracks  
  16  0:42  Refinery  
  16  0:51  SCV  
  17  1:03  SCV  
  18  1:17  SCV  
  19  1:27  Reaper  
  19  1:29  Orbital Command  
  20  1:43  Command Center  
  20  1:56  SCV  
  20  1:57  Bunker  
  20  1:59  Marine  
  22  2:07  Supply Depot  
  22  2:08  SCV  
  23  2:22  Factory  
  23  2:24  Barracks Reactor  
  23  2:29  SCV, Refinery  
  24  2:41  SCV  
  24  2:53  SCV  
  24  2:57  Orbital Command  
  25  3:01  Marine x2  
  28  3:05  SCV  
  28  3:06  Starport  
  28  3:07  Widow Mine  
  30  3:17  SCV  
  30  3:19  Marine x2  
  33  3:22  SCV  
  34  3:29  SCV  
  37  3:35  SCV, Supply Depot  
  37  3:38  Marine  
  37  3:41  Marine  
  39  3:42  SCV  
  39  3:43  Factory Tech Lab  
  39  3:45  Barracks  
  39  3:46  Starport Tech Lab  
  39  3:51  Barracks  
  39  3:55  SCV  
  40  3:56  SCV  
  40  4:01  Supply Depot  
  41  4:07  Cyclone  
  41  4:09  SCV  
  45  4:12  SCV  
  46  4:18  Viking  
  46  4:21  SCV  
  49  4:25  Engineering Bay  
  49  4:27  SCV  
  50  4:33  SCV  
  51  4:40  SCV  
  52  4:45  SCV  
  52  4:46  Stimpack  
  52  4:47  Marauder, Marine  
  52  4:48  Factory Reactor, Marauder  
  52  4:52  SCV, Supply Depot  
  59  4:53  Terran Infantry Weapons Level 1  
  59  4:58  SCV, Combat Shield  
  60  5:04  SCV  
  60  5:05  Refinery  
  60  5:06  Marine  
  62  5:07  Refinery  
  62  5:14  SCV  
  63  5:16  Supply Depot  
  63  5:17  Marauder x2  
  63  5:19  Supply Depot  
  65  5:22  SCV  
  65  5:26  SCV  
  66  5:34  SCV, Medivac  
  69  5:38  SCV, Medivac  
  69  5:40  Marine x2  
  76  5:43  Marauder  
  76  5:46  SCV  
  77  5:50  SCV, Supply Depot  
  77  5:51  Supply Depot  
  77  5:53  Widow Mine  
  82  5:57  Marauder  
  82  5:58  SCV  
  82  6:02  SCV  
  82  6:04  Viking  
  86  6:11  Viking, SCV  
  86  6:12  Marauder  
  86  6:13  Supply Depot, Marine  
  92  6:21  Widow Mine  
  92  6:22  SCV  
  92  6:23  SCV, Supply Depot  
  98  6:26  Supply Depot, Marauder  
  98  6:27  Concussive Shells  
  98  6:33  Marauder  
  98  6:34  SCV  
  98  6:35  Viking  
  103  6:40  SCV  
  103  6:46  SCV  
  105  6:48  Marauder, Marine x2  
  105  6:51  Terran Infantry Armor Level 1  
  109  6:56  Command Center  
  109  7:01  Viking  
  111  7:07  Marauder, Marine  
  114  7:17  Medivac  
  114  7:20  Marauder, Marine  
  114  7:21  Widow Mine  
  121  7:28  Supply Depot x2  
  121  7:31  Medivac  
  116  7:42  Marine x2  
  116  7:43  Marauder, Marine  
  115  7:50  SCV  
  116  7:52  Widow Mine  
  116  7:55  Liberator  
  116  8:01  Armory, Engineering Bay, Liberator  
  116  8:04  Barracks  
  119  8:06  Barracks  
  119  8:13  SCV x2  
  119  8:19  Marine  
  126  8:20  Marauder x2  
  126  8:27  Factory Reactor  
  126  8:28  Refinery  
  126  8:34  Refinery  
  124  8:39  Marine x2  
  126  8:48  Marine  
  126  8:49  Marauder  
  126  8:52  Barracks Tech Lab  
  126  8:54  Terran Infantry Armor Level 2, Terran Infantry Weapons Level 2  
  129  8:55  Orbital Command, Ghost Academy  
  129  9:14  Marine x2  
  129  9:15  Marauder  
  133  9:17  Marauder  
  133  9:18  Barracks Reactor  
  133  9:20  Terran Vehicle And Ship Armor Level 1  
  133  9:24  Command Center  
  128  9:37  Marauder x2, Marine x2  
  128  9:38  Ghost  
  132  9:42  Personal Cloaking  
  119  9:54  Marine  
  119  9:58  Ghost x2  
  124  10:00  Medivac  
  124  10:05  Supply Depot  
  124  10:06  Supply Depot, Ghost  
  125  10:07  Marine x3  
  125  10:10  Barracks  
  125  10:12  Barracks  
  129  10:21  Medivac  
  129  10:22  Widow Mine  
  129  10:23  Widow Mine, Marine  
  129  10:25  Marine x3  
  135  10:30  Medivac  
  137  10:36  Starport  
  137  10:39  Factory  
  137  10:42  Marine x2  
  137  10:43  Marine  
  140  10:50  Supply Depot x2  
  140  10:52  Supply Depot  
  140  10:54  Missile Turret x3  
  140  10:55  Missile Turret  
  140  11:02  Widow Mine x2  
  140  11:04  Marine x4  
  145  11:10  Barracks Reactor, Barracks Tech Lab  
  148  11:17  Sensor Tower  
  147  11:21  Terran Infantry Weapons Level 3  
  147  11:24  Terran Infantry Armor Level 3  
  147  11:25  Marine x2  
  149  11:34  Planetary Fortress  
  149  11:37  Missile Turret  
  149  11:40  Sensor Tower  
  149  11:41  Factory Tech Lab  
  149  11:42  Widow Mine  
  149  11:43  Starport Tech Lab  
  151  12:02  Drilling Claws, Widow Mine  
  151  12:04  Widow Mine, Liberator x3  
  168  12:44  Marauder, Widow Mine x2, Marine x3  
  168  12:45  Marauder x2, Marine x4  
  181  13:02  Marine x4  
  175  13:28  Liberator x3  
  175  13:29  Marauder x2, Marine x2  
  175  13:34  Refinery x2  
  190  13:36  Command Center  
  190  13:38  Command Center  
  190  13:41  Command Center  
  190  13:54  Ghost x2  
  190  13:55  Ghost, Marine x4  
  190  14:09  SCV x2  
  192  14:11  Liberator  
  186  14:19  Viking x2  
  186  14:21  SCV  
  183  14:28  Marauder  
  164  14:38  Ghost  
  164  14:39  Marauder x2  
  164  14:44  Marine  
  165  14:49  Viking, Ghost  
  140  14:54  Marine  
  140  14:59  Ghost  
  137  15:00  Medivac x2, Ghost  
  137  15:03  Widow Mine  
  143  15:07  Ghost  
  143  15:11  Orbital Command  
  143  15:12  Orbital Command  
  137  15:18  Ghost  
  139  15:22  Viking  
  139  15:23  Marine  
  139  15:28  Ghost  
  140  15:29  Marauder  
  135  15:46  Marauder, Marine x6  
  135  15:47  Marauder  
  139  16:05  Marine  
  139  16:06  Marauder x2  
  139  16:10  Widow Mine x3  
  139  16:11  Marauder x2, Marine x5  
  150  16:15  Orbital Command  
  153  16:23  Orbital Command, Marine  
  154  16:26  Ghost, Marine  
  154  16:28  Marine  
  154  16:29  Marine  
  154  16:31  Ghost  
  154  16:32  Widow Mine  
  161  16:35  Liberator  
  161  16:36  Widow Mine  
  169  16:54  Widow Mine x2, Marine  
  169  16:55  Marauder x2  
  169  16:56  Marine x2  
  169  16:57  Marine x3, Widow Mine  
  169  16:59  Marine  
  169  17:00  Marine  
  183  17:12  Marine  
  178  17:26  Orbital Command  
  178  17:28  Marine  
  178  17:29  Marauder  
  177  17:34  Ghost, Marine x2  
  177  17:35  Marauder  
  183  17:45  Marine  
  184  17:58  SCV x2  
  133  18:06  Marine x2  
  133  18:07  Marauder, Marine  
  133  18:12  Missile Turret  
  120  18:13  Marauder, Marine x3  
  111  18:21  Marine  
  102  18:31  Marine  
  98  18:36  Ghost, Marauder x2, Marine x2  
  98  18:37  Marine x2  
  98  18:38  Ghost, Orbital Command  
  111  18:41  Widow Mine x3  
  111  18:47  Orbital Command  
  103  18:57  Ghost x2  
  103  18:59  SCV  
  103  19:00  SCV x2  
  110  19:04  Ghost  
  110  19:07  Ghost  
  113  19:10  SCV x2  
  113  19:11  SCV  
  113  19:12  SCV x2  
  117  19:20  Medivac  
  117  19:22  SCV x2  
  117  19:24  SCV x3  
  122  19:25  SCV  
  122  19:29  Missile Turret  
  123  19:34  SCV x2  
  125  19:40  SCV x4, Sensor Tower  
  125  19:46  Viking x2, SCV  
  130  19:59  Widow Mine x3  
  134  20:01  Unknown, Medivac  
  134  20:03  Terran Vehicle And Ship Armor Level 2  
  134  20:04  Enhanced Shockwaves  
  134  20:05  Starport  
  136  20:09  SCV x3  
  136  20:10  SCV x3  
  142  20:16  Medivac  
  142  20:20  Widow Mine  
  146  20:21  SCV x2  
  146  20:22  SCV  
  146  20:23  Marauder  
  146  20:24  Marauder x3, Marine  
  146  20:25  Marine x4  
  146  20:26  Marine  
  162  20:40  Command Center  
  160  20:45  Marauder  
  162  21:01  SCV  
  163  21:05  Viking x3  
  161  21:21  Starport Reactor  
  161  21:22  Neosteel Armor  
  161  21:31  Command Center  
  161  21:35  Viking x3  
  161  21:39  Missile Turret  
  160  21:52  Marauder x4, Marine x6  
  161  21:54  Widow Mine x2  
  161  21:55  Widow Mine  
  167  22:05  Viking x3  
  173  22:10  Marine, Nuke  
  173  22:11  Hi-Sec Auto Tracking  
  173  22:12  Orbital Command  
  173  22:13  Marauder  
  173  22:15  Missile Turret  
  176  22:21  Viking x2, Marauder, Marine x3  
  176  22:22  Marauder, Marine  
  174  22:30  Marauder, Marine x2  
  174  22:36  Marauder  
  160  22:39  Marine x4  
  160  22:40  Widow Mine x3  
  160  22:42  Ghost  
  160  22:43  Marauder  
  172  22:46  Planetary Fortress  
  172  22:47  Marine  
  172  22:51  Ghost  
  175  23:01  Widow Mine  
  175  23:18  Orbital Command  
  175  23:20  Command Center  
  175  23:21  Command Center x2  
  175  23:44  Marauder x2, Marine x6  
  175  23:45  Medivac x4  
  175  23:47  Widow Mine  
  195  23:54  SCV  
  156  24:03  Marauder, Marine x4  
  156  24:04  Marauder, Marine x2  
  146  24:10  Marauder x2  
  137  24:21  Marine x5  
  141  24:24  Ghost x2  
  141  24:26  Marine  
  141  24:28  SCV x3  
  141  24:29  SCV x2  
  141  24:31  Ghost  
  148  24:32  Marauder  
  151  24:39  Marine  
  151  24:40  SCV  
  151  24:42  Nuke  
  151  24:43  Liberator x2  
  157  24:53  Marauder  
  157  24:54  Marine x5  
  157  24:56  Ghost, Marine  
  167  25:01  Orbital Command x3  
  167  25:06  Orbital Command  
  167  25:12  Medivac x3  
  173  25:15  Refinery x2  
  173  25:26  Medivac  
  175  25:34  Widow Mine  
  175  25:35  Widow Mine x2  
  180  25:45  Orbital Command  
  180  25:55  Viking  
  180  25:56  Viking, Widow Mine  
  180  25:57  Viking x3  
  189  26:03  Nuke  
  183  26:17  SCV  
  184  26:23  Widow Mine x3  
  184  26:25  Viking  
  189  26:26  Viking x2  
  189  26:27  Refinery  
  189  26:28  Marauder, Marine x2  
  189  26:30  Refinery  
  199  26:45  Widow Mine x3  
Tags
 
Add a new tag
Caveats
  • Supply blocks, unpowered buildings, or Contaminate may cause inaccurate times.
  • Supply counts are checked every 10 seconds.